[Event "Late-Titled-Tuesday-Blitz-April-30-2024"]
[Site "Chess.com"]
[Date "2024.04.30"]
[Round "10"]
[White "Rodalquilar"]
[Black "kalinchick"]
[Result "1-0"]
[WhiteElo "2675"]
[BlackElo "2478"]
[TimeControl "180+1"]
[EndTime "15:55:34 PDT"]
[Termination "Rodalquilar won by checkmate"]

1. d4 e6 2. Nf3 d5 3. Bf4 Bd6 4. Bg3 Qe7 5. c3 Bxg3 6. hxg3 Nd7 7. Nbd2 Ngf6 8. e3 e5 9. Qa4 c6 10. dxe5 Nxe5 11. Qf4 Nxf3+ 12. gxf3 Be6 13. g4 O-O-O 14. Bd3 h6 15. O-O-O Qc7 16. Qxc7+ Kxc7 17. Rdg1 a5 18.
Nb3 b6 19. Nd4 Kd6 20. Kd2 Nd7 21. f4 Nc5 22. Bc2 Bd7 23. f3 Rde8 24. a4 Nb7 25. Rh5 c5 26. Nf5+ Bxf5 27. Rxf5 Re7 28. e4 dxe4 29. fxe4 Kc7 30. e5 Nd8 31. Bb3 Ne6 32. Ke3 Rd8 33. Bc4 Red7 34. Rxf7 Rxf7 35. Bxe6 Re7 36. f5 Kc6 37. Rg2 Rd1 38. Rf2 Re1+ 39. Kf4 b5 40. axb5+ Kxb5 41. Rd2 Rf1+ 42. Ke4 Re1+ 43.
Kd5 a4 44. Kd6 Ra7 45. Rd5 Ra6+ 46. Ke7 a3 47. bxa3 Rxa3 48. c4+ Kb4 49. f6 Ra7+ 50. Rd7 g5 51. f7 Rxd7+ 52. Kxd7 Rd1+ 53. Ke7 Rf1 54. f8=Q Rxf8 55. Kxf8 Kc3 56. Kf7 Kd4 57. Bf5 Kxe5 58. Kg6 Kf4 59. Kh5 Ke5 60. Kxh6 Kf6 61. Kh5 Ke5 62. Kxg5 Kd4 63. Be6 Ke5 64. Bd5 Kd6 65.
Kf6 Kd7 66. g5 Kc7 67. g6 Kb6 68. g7 Ka5 69. g8=Q Kb4 70. Qg3 Ka4 71. Qd6 Ka5 72.
Qxc5+ Ka4 73. Qb5+ Ka3 74. Ke5 Ka2 75. Kd4 Ka1 76.
Kc3 Ka2 77. Qb2# 1-0

[Event "Late-Titled-Tuesday-Blitz-April-30-2024"]
[Site "Chess.com"]
[Date "2024.04.30"]
[Round "10"]
[White "MuhittinBuker"]
[Black "realburq"]
[Result "1-0"]
[WhiteElo "2212"]
[BlackElo "2363"]
[TimeControl "180+1"]
[EndTime "15:55:34 PDT"]
[Termination "MuhittinBuker won by resignation"]

1. d4 d5 2. c4 e6 3. Nc3 Nf6 4. Nf3 Nbd7 5. Bg5 Bb4 6. e3 c5 7. cxd5 exd5 8. Bb5 Qa5 9. O-O Bxc3 10. Bxd7+ Bxd7 11. bxc3 Ne4 12. Qb1 Bc6 13. dxc5 Qxc5 14. Bf4 O-O 15. Be5 Rfe8 16. Bd4 Qd6 17. Qb2 f6 18.
Rfd1 b6 19. Rac1 Rad8 20. c4 dxc4 21. Rxc4 Bb7 22. Rdc1 Re7 23. Qc2 Red7 24. h3 h6 25. Qa4 Nc5 26. Bxc5 bxc5 27. Rxc5 Bxf3 28. gxf3 Qd2 29.
Qc4+ Kh8 30. Rc8 Kh7 31. Rxd8 Rxd8 32. Qc2+ Qxc2 33. Rxc2 Rd7 34. f4 Kg6 35. Kg2 h5 36. e4 Rb7 37. h4 Rd7 38. f3 Rb7 39. Kg3 Rb1 40. f5+ Kh6 41. Rg2 Rf1 42. Kf4 Rh1 43.
Kg3 Ra1 44. Rb2 Rg1+ 45. Kh2 Ra1 46. Kg2 Rd1 47. Rb8 Rd2+ 48. Kg3 Kh7 49. Rb7 Rxa2 50. e5 fxe5 51. f6 Kg8 52. Rxg7+ Kf8 53. Re7 a5 54. Rxe5 a4 55. Rxh5 a3 56. Ra5 Kf7 57.
Ra6 Ra1 58. Kf4 Rh1 59. Kg5 Rg1+ 60. Kf5 Rh1 61. Ra7+ Kf8 62. Rxa3 Rxh4 63. Kg6 Ke8 64. Ra8+ Kd7 65. f7 Rh1 66. f8=Q Rg1+ 67. Kf6 Rg6+ 68.
Kxg6 1-0

[Event "Late-Titled-Tuesday-Blitz-April-30-2024"]
[Site "Chess.com"]
[Date "2024.04.30"]
[Round "10"]
[White "IngOscarArdila"]
[Black "zverr1"]
[Result "0-1"]
[WhiteElo "2335"]
[BlackElo "2476"]
[TimeControl "180+1"]
[EndTime "15:55:35 PDT"]
[Termination "zverr1 won by resignation"]

1. d4 Nf6 2. Nf3 g6 3. c3 Bg7 4.
Nbd2 O-O 5. e4 d6 6. Bd3 Nc6 7.
Qe2 e5 8. dxe5 dxe5 9. O-O Nh5 10. g3 Bh3 11. Re1 Qe7 12. Nc4 Rad8 13. Bg5 f6 14.
Bc1 Rd7 15. Ne3 Rfd8 16. Bc4+ Kh8 17. Nd5 Qf8 18. Qc2 Na5 19. Bf1 Bxf1 20. Kxf1 c6 21.
Ne3 Qf7 22. b3 Qe6 23. c4 Bf8 24. Bd2 b6 25. Bxa5 bxa5 26. Red1 Bc5 27. Rxd7 Rxd7 28.
Re1 Qh3+ 29. Kg1 Nf4 30. gxf4 Qxf3 31. fxe5 fxe5 32. Qe2 Qxe4 33. Ng4 Qxe2 34. Rxe2 Bd4 35. Nxe5 Rc7 36. Nf3 Bf6 37. Nd2 Kg7 38. Ne4 Be7 39. f4 a4 40. Kf2 Rb7 41. bxa4 Rb4 42. Kg2 Kf7 43. c5 Rxa4 44. Kf3 Rd4 45. Ke3 Rd5 46. Rc2 Rh5 47. a3 Rh3+ 48. Kd4 Rxa3 49. Rb2 Ke6 50. Re2 Ra4+ 51. Kd3 Kd7 52. Rd2 Kc7 53. Re2 Ra3+ 54. Kd4 Rh3 55. Ra2 Kb7 56. Rb2+ Kc8 57. Ra2 Kb7 58. Rb2+ Ka8 59. Ke5 Rd3 60. Ke6 Bd8 61. Nd6 a5 62. Kd7 Bf6 63. Kc8 Bxb2 64. Nb7 a4 65. Na5 a3 66. Nxc6 a2 67. Nd8 a1=Q 68.
c6 Qa6+ 69. Kc7 Rxd8 70. Kxd8 Qxc6 0-1

[Event "Late-Titled-Tuesday-Blitz-April-30-2024"]
[Site "Chess.com"]
[Date "2024.04.30"]
[Round "10"]
[White "GolfBeforeChess"]
[Black "Carlitus2004"]
[Result "1/2-1/2"]
[WhiteElo "2346"]
[BlackElo "2478"]
[TimeControl "180+1"]
[EndTime "15:55:36 PDT"]
[Termination "Game drawn - insufficient material"]

1. Nf3 e6 2. c4 b6 3. g3 Bb7 4.
Bg2 g6 5. O-O Bg7 6. d4 Nf6 7.
Nc3 O-O 8. Re1 Ne4 9. Bd2 d6 10. Qc2 Nxd2 11. Qxd2 c5 12. e4 Nd7 13. Rad1 a6 14.
dxc5 Nxc5 15. Qxd6 Qxd6 16. Rxd6 Bxc3 17. bxc3 Bxe4 18.
Rxb6 Rab8 19. Rxb8 Rxb8 20. Nd4 Bxg2 21. Kxg2 Rc8 22.
Rb1 Na4 23. Rb4 Nxc3 24. a4 Kg7 25. Rb7 Kf6 26. Nf3 Nxa4 27. Ra7 Rxc4 28. Rxa6 Nc3 29. h4 h6 30. Ra7 Rc5 31. Nh2 Ne4 32. Ng4+ Kg7 33.
Ne3 Rb5 34. Kf3 Nd2+ 35. Ke2 Ne4 36. Kf3 Nc3 37. Nc4 Rf5+ 38. Kg2 Nb5 39. Rb7 h5 40. f4 Rc5 41. Ne5 Nc7 42. Nd7 Rc2+ 43. Kf3 Rc3+ 44.
Kg2 Rc2+ 45. Kh3 Rc1 46. Kg2 Nd5 47. Ne5 Rc7 48. Rxc7 Nxc7 49. Kf3 Kf6 50. g4 hxg4+ 51. Kxg4 Nd5 52. Nd7+ Ke7 53. Ne5 Ne3+ 54. Kf3 Nf5 55. Kg4 Kf6 56. h5 Nh6+ 57. Kh4 gxh5 58. Kxh5 Ng8 59.
Kg4 Nh6+ 60. Kf3 Kf5 61. Nc4 f6 62. Ne3+ Kg6 63. f5+ Nxf5 64. Nc4 Kf7 65. Kf4 Ne7 66. Nd6+ Kg6 67. Ne8 Nd5+ 68. Ke4 Ne7 69. Nc7 Kf7 70. Kf4 Ng6+ 71. Kg4 Ne5+ 72. Kf4 Nd7 73. Ke4 Kg6 74.
Nxe6 f5+ 75. Kf3 Nf6 76. Nd4 Kg5 77. Nxf5 1/2-1/2

[Event "Late-Titled-Tuesday-Blitz-April-30-2024"]
[Site "Chess.com"]
[Date "2024.04.30"]
[Round "10"]
[White "Mikhal867"]
[Black "Cacriefils1984"]
[Result "1/2-1/2"]
[WhiteElo "2515"]
[BlackElo "2358"]
[TimeControl "180+1"]
[EndTime "15:55:37 PDT"]
[Termination "Game drawn by repetition"]

1. d4 Nf6 2. c4 g6 3. f3 Bg7 4. e4 d6 5. Nc3 O-O 6. Be3 Nbd7 7.
Nge2 c5 8. d5 Ne5 9. Ng3 h5 10.
Be2 h4 11. Nf1 e6 12. Bg5 Qb6 13. Qd2 exd5 14. cxd5 h3 15. g4 Bd7 16. a4 Rfc8 17. Ng3 c4 18. Be3 Qd8 19. g5 Nh7 20. f4 Ng4 21.
Bd4 Bxd4 22. Qxd4 Qb6 23. Qxb6 axb6 24. Bxg4 Bxg4 25. Kf2 Nf8 26. e5 dxe5 27. fxe5 Nd7 28. Rhe1 Nc5 29. Nge4 Bf5 30. Nxc5 Rxc5 31. Rad1 Re8 32.
Kg3 Kg7 33. Kf4 Bc2 34. Rd2 Bf5 35. d6 Bd7 36. Rd5 Rcc8 37. Rd4 Rh8 38. Kg3 Rc5 39.
Rf4 Be6 40. Rh4 Rxh4 41. Kxh4 Bd7 42. Kg3 Be6 43. Kf4 Kf8 44. Re4 Ke8 45. Nb5 Bf5 46.
Re3 Kd7 47. Nd4 Be6 48. Nxe6 Kxe6 49. Rxh3 Rxe5 50. Rh7 Rf5+ 51. Ke4 Kxd6 52. h4 Kc5 53. Rh8 Rf1 54. Rb8 Kc6 55. Kd4 Rf4+ 56. Kc3 Rxh4 57. Rf8 Kc5 58. Rxf7 Rh3+ 59. Kc2 Kb4 60. Rf6 b5 61. axb5 Kxb5 62. Rxg6 Kb4 63. Rg7 b5 64. g6 Rh2+ 65. Kc1 Kb3 66. Rb7 b4 67. g7 Rg2 68.
Kd1 c3 69. bxc3 Kxc3 70. Rc7+ Kb3 71. Kc1 Ka3 72. Kb1 Kb3 73. Kc1 Ka3 74. Kb1 Kb3 75. Kc1 1/2-1/2

[Event "Late-Titled-Tuesday-Blitz-April-30-2024"]
[Site "Chess.com"]
[Date "2024.04.30"]
[Round "10"]
[White "TheoSlade"]
[Black "CarrotsandPizza"]
[Result "1-0"]
[WhiteElo "2463"]
[BlackElo "2573"]
[TimeControl "180+1"]
[EndTime "15:55:38 PDT"]
[Termination "TheoSlade won by checkmate"]

1. d4 Nf6 2. c4 g6 3. Nc3 Bg7 4. e4 d6 5. Nf3 O-O 6. Be2 Na6 7. O-O e5 8. Be3 c6 9. d5 Ng4 10. Bg5 f6 11. Bd2 f5 12. exf5 gxf5 13. Bg5 Nf6 14. Qd2 Qe7 15. Rad1 c5 16. Bh6 Kh8 17.
Bxg7+ Qxg7 18. Qg5 Rg8 19. Qxg7+ Rxg7 20. Nb5 Ne8 21. Nh4 Bd7 22. a4 Nb4 23. Bd3 Nxd3 24. Rxd3 Rg4 25. g3 Rxc4 26. b3 Rb4 27. Na3 Kg7 28. f4 e4 29. Rc3 Rd4 30. Ng2 Rxd5 31. Ne3 Rd4 32. Nac2 Rd2 33. Nc4 Rd5 34. N2e3 Rd4 35.
Nc2 Rd3 36. Rxd3 exd3 37. N2e3 a6 38. Rd1 b5 39. Nb6 Rd8 40. Nxd7 Rxd7 41. Nxf5+ Kf6 42. Ne3 d5 43. Rxd3 d4 44. Ng4+ Kf5 45. Ne5 Rd5 46. axb5 axb5 47. Kf2 Ke4 48. Rd1 d3 49. Re1+ Kf5 50.
Rd1 Ke4 51. Ng4 Kd4 52. Ne3 Rd8 53. Nf5+ Kc3 54. Ke3 d2 55. Ke2 Kxb3 56. Rxd2 Rxd2+ 57. Kxd2 Kb2 58. Ne7 Nd6 59. Nd5 c4 60. g4 Ne4+ 61. Ke3 c3 62. Kxe4 c2 63. Nb4 c1=Q 64. Nd3+ Kc2 65. Nxc1 Kxc1 66. Kd4 Kc2 67. Kc5 Kd3 68. f5 b4 69. Kxb4 Ke4 70. f6 Kf4 71. h3 Kg5 72. f7 Kh4 73. f8=Q h5 74. gxh5 Kxh5 75. Qg7 Kh4 76. Kc4 Kxh3 77. Kd4 Kh2 78. Ke4 Kh1 79. Kf3 Kh2 80. Qg2# 1-0

[Event "Late-Titled-Tuesday-Blitz-April-30-2024"]
[Site "Chess.com"]
[Date "2024.04.30"]
[Round "10"]
[White "Russian_berezka"]
[Black "Hudijegszid"]
[Result "0-1"]
[WhiteElo "2600"]
[BlackElo "2489"]
[TimeControl "180+1"]
[EndTime "15:55:39 PDT"]
[Termination "Hudijegszid won on time"]

1. d4 d5 2. c4 e6 3. Nc3 a6 4. cxd5 exd5 5. Nf3 h6 6. Bf4 Nf6 7. e3 Bd6 8. Bxd6 Qxd6 9. Bd3 Nc6 10. O-O O-O 11. Rc1 Ne7 12. Ne5 c6 13. Qf3 g6 14. Qf4 g5 15. Qf3 Kg7 16. Ne2 Ng6 17. Qg3 Nh4 18. f4 Nh5 19. Qf2 f6 20. Nf3 Nxf3+ 21.
Qxf3 g4 22. Qf2 f5 23. Nc3 Bd7 24. Na4 Rae8 25. Nc5 Bc8 26. Bb1 Nf6 27. Nd3 Ne4 28. Qe2 h5 29. Ne5 h4 30. Bxe4 dxe4 31. Qc4 Be6 32.
Qa4 g3 33. h3 Qd5 34. a3 Qb5 35.
Qxb5 axb5 36. Rc5 Re7 37. Rfc1 Bd5 38. Kf1 Ra8 39. R5c2 Kf6 40. Ke2 Rg7 41. Kd2 Ke6 42.
Kc3 Rgg8 43. Rd2 Ra4 44. Rdd1 Rga8 45. Ng6 Kf6 46. Ne5 Rc4+ 47. Nxc4 Bxc4 48. Kb4 Bd5 49. Kc5 Ra6 50. Kd6 Ra4 51. Rc5 b4 52. axb4 Rxb4 53. Rd2 Rb3 54. Kc7 Rxe3 55. Kxb7 Re1 56. b4 e3 57. Rb2 Rf1 58. Rxd5 Rf2 59. Rd7 Ke6 60.
Rd6+ Kxd6 61. Rb3 e2 62. Re3 Kd5 63. b5 cxb5 64. Re4 Kxe4 65. d5 Kxd5 0-1

[Event "Late-Titled-Tuesday-Blitz-April-30-2024"]
[Site "Chess.com"]
[Date "2024.04.30"]
[Round "10"]
[White "karinachess1"]
[Black "nicolasbatista3"]
[Result "1-0"]
[WhiteElo "2606"]
[BlackElo "2449"]
[TimeControl "180+1"]
[EndTime "15:55:41 PDT"]
[Termination "karinachess1 won by checkmate"]

1. d4 d5 2. c4 c6 3. Nf3 Nf6 4. g3 Bf5 5. Nc3 e6 6. Qb3 Qb6 7. c5 Qxb3 8. axb3 Nbd7 9. Bf4 a6 10. b4 Rc8 11. Nd2 Be7 12. Nb3 Bd8 13. Na5 Bxa5 14.
bxa5 Nh5 15. Bd6 Nhf6 16. Ra4 Ra8 17. Rb4 Ra7 18. f3 Kd8 19. Bg2 Ne8 20. e4 dxe4 21.
fxe4 Nxd6 22. cxd6 c5 23. dxc5 Bg6 24. Na4 Ne5 25.
Kd2 Nc6 26. Rb3 Nxa5 27. Rc3 Nc6 28. Nb6 f6 29. Ke3 Re8 30. Rd1 f5 31. d7 Re7 32.
Nc8 Rxd7 33. Rxd7+ Kxd7 34. Nxa7 Nxa7 35. e5 Nb5 36.
c6+ Kc7 37. Rc1 b6 38. Rd1 Be8 39. Kf4 Bxc6 40. Rc1 Na7 41. h3 Kd7 42. Rd1+ Kc7 43. Bxc6 Nxc6 44. Rd6 Nd8 45. g4 fxg4 46. hxg4 a5 47.
g5 b5 48. Ra6 a4 49. Ke4 Nc6 50. Ra8 Nb4 51. Kd4 Nd5 52. Rg8 g6 53. Rg7+ Kc6 54. Rxh7 b4 55. Kc4 a3 56. bxa3 bxa3 57. Kb3 Nf4 58. Rf7 Nd3 59. Rf6 Nxe5 60. Rxe6+ Kd5 61.
Rf6 Ke4 62. Kxa3 Nf3 63. Rxg6 Kf5 64. Rf6+ Ke4 65. g6 Nd4 66. g7 Nb5+ 67. Kb4 Nc7 68. g8=Q Nd5+ 69. Qxd5+ Ke3 70. Re6+ Kf4 71. Qe5+ Kg4 72.
Qg7+ Kh4 73. Rh6# 1-0

[Event "Late-Titled-Tuesday-Blitz-April-30-2024"]
[Site "Chess.com"]
[Date "2024.04.30"]
[Round "10"]
[White "HajiyevKanan"]
[Black "Attacker_2006"]
[Result "1-0"]
[WhiteElo "2624"]
[BlackElo "2514"]
[TimeControl "180+1"]
[EndTime "15:55:43 PDT"]
[Termination "HajiyevKanan won by checkmate"]

1. d4 d5 2. Nf3 e6 3. c4 Nf6 4. Nc3 Nbd7 5. cxd5 exd5 6. Bf4 c5 7. e3 Qa5 8. Be2 c4 9. O-O Bb4 10. Qc2 Bxc3 11.
Qxc3 Qxc3 12. bxc3 Ne4 13. Rfc1 O-O 14. a4 b6 15. Ra2 Bb7 16. Ng5 Ndf6 17. Nh3 Nd7 18.
Bf3 f5 19. Ng5 Rfe8 20. h4 h6 21. Nh3 Bc6 22. Bh5 Re7 23. Bg6 Rf8 24. f3 Nef6 25.
Bxf5 Nh5 26. g4 Nxf4 27. exf4 Re3 28. Kf2 Rfe8 29. Bg6 R8e7 30. g5 Nf8 31. Bf5 g6 32. Bb1 Bd7 33. Ng1 hxg5 34. fxg5 Bf5 35. Bxf5 gxf5 36.
Re2 f4 37. Rce1 Rxe2+ 38. Rxe2 Rf7 39. h5 Rf5 40. Nh3 Nh7 41. Re8+ Kg7 42. Re7+ Kg8 43. Re5 Rxe5 44. dxe5 d4 45. cxd4 c3 46. g6 Nf8 47.
Nxf4 c2 48. Nd3 Ne6 49. Ke3 Kg7 50. d5 Nc5 51. Nc1 Nxa4 52. d6 Nc5 53. f4 b5 54. Kd4 Ne6+ 55. Kc3 Nxf4 56. d7 Ne6 57. Kxc2 Kh6 58. Nd3 Kxh5 59. Nf4+ Nxf4 60. d8=Q Nxg6 61.
Qf6 b4 62. Qf5+ Kh6 63. e6 b3+ 64. Kxb3 a5 65. Qf6 a4+ 66. Kxa4 Kh7 67. e7 Nxe7 68. Qxe7+ Kh6 69. Qe5 Kh7 70. Qg3 Kh6 71. Kb5 Kh7 72.
Kc5 Kh8 73. Kd6 Kh7 74. Ke6 Kh6 75. Kf7 Kh7 76. Qg7# 1-0

[Event "Late-Titled-Tuesday-Blitz-April-30-2024"]
[Site "Chess.com"]
[Date "2024.04.30"]
[Round "10"]
[White "MiguelBestard1981"]
[Black "MeisterJabo"]
[Result "1-0"]
[WhiteElo "2190"]
[BlackElo "2441"]
[TimeControl "180+1"]
[EndTime "15:55:46 PDT"]
[Termination "MiguelBestard1981 won by resignation"]

1. e4 e5 2. Nf3 Nf6 3. Nxe5 d6 4. Nf3 Nxe4 5. Qe2 Qe7 6. d3 Nf6 7. Qxe7+ Bxe7 8. Nc3 c6 9. Bg5 O-O 10. O-O-O Na6 11.
d4 Nc7 12. Bd3 Be6 13. Rhe1 Rfe8 14. Kb1 b5 15. Ne4 Ncd5 16. Nxf6+ Nxf6 17. Nd2 Bd5 18. g3 h6 19. Bxf6 Bxf6 20. c3 g6 21. Be4 Bxe4+ 22. Rxe4 Rxe4 23. Nxe4 Be7 24. Re1 Kf8 25. f4 a5 26. Kc2 d5 27. Nf2 Bd6 28. Ng4 h5 29.
Ne5 Rc8 30. Kd3 Kg7 31. b3 Re8 32. Nf3 Rxe1 33. Nxe1 f6 34. Nf3 Kf7 35. c4 dxc4+ 36. bxc4 Bb4 37. d5 bxc4+ 38. Kxc4 c5 39. Kb5 Ke7 40.
Kc6 c4 41. Nd4 c3 42. h3 f5 43. Kc7 Bd6+ 44. Kc6 Ba3 45. h4 Bb4 46. Kc7 Bd6+ 47. Kc6 Ba3 48. Nc2 Bd6 49. Kb5 Bb4 50. a3 Bd6 51.
Kc4 Bc7 52. Kxc3 Kd6 53. Kc4 Bb6 54. Nd4 Bxd4 55. Kxd4 a4 56. Kc4 Kc7 57. Kc5 Kd7 58. d6 Kd8 59. Kc6 Kc8 60. Kd5 Kd7 61. Ke5 Kd8 62.
Kf6 Kd7 63. Kxg6 Kxd6 64. Kxf5 Kc5 65. Kg5 Kc4 66. f5 Kb3 67. f6 Kxa3 68. f7 Kb2 69. f8=Q a3 70. Qxa3+ Kxa3 71. Kxh5 Kb4 72. Kg6 Kc5 73. h5 Kd6 74. h6 Ke7 75. Kg7 Ke6 76. h7 Kf5 77. h8=Q Kg4 78. Qh4+ Kf3 79. g4 Kg2 80. g5 Kf3 81. g6 Ke3 82. Kh8 1-0

[Event "Late-Titled-Tuesday-Blitz-April-30-2024"]
[Site "Chess.com"]
[Date "2024.04.30"]
[Round "10"]
[White "IMRosen"]
[Black "WPWPWP-2015"]
[Result "0-1"]
[WhiteElo "2656"]
[BlackElo "2487"]
[TimeControl "180+1"]
[EndTime "15:55:49 PDT"]
[Termination "WPWPWP-2015 won by checkmate"]

1. e4 e5 2. Nf3 Nc6 3. c3 Nf6 4. d4 d6 5. h3 Be7 6. Be3 O-O 7. Bd3 Re8 8. O-O h6 9. Nbd2 Bd7 10. Re1 a6 11. a3 Bf8 12. Nf1 Kh7 13. Ng3 g6 14. Qd2 Bg7 15. b4 Qe7 16. Rad1 b5 17. Nh2 Rad8 18. Qc2 Ng8 19. Nf3 f6 20. d5 Nb8 21. c4 c6 22. c5 Rc8 23. cxd6 Qxd6 24. Bc5 Qc7 25. d6 Qd8 26. a4 Be6 27. Ra1 Nd7 28.
axb5 Nxc5 29. bxc5 axb5 30. Ra7 Ra8 31. Rc7 Rc8 32.
Ra7 Ra8 33. Rea1 Rxa7 34. Rxa7 Qb8 35. Ra6 Rc8 36. Nd2 Qb7 37. Rb6 Qa7 38. Ne2 h5 39. f4 Nh6 40. fxe5 fxe5 41. Nf3 Bf6 42. Qc1 Nf7 43. h4 Bd8 44. Qe3 Kg7 45. Kh2 Nxd6 46.
Nxe5 Bxb6 47. cxb6 Qb8 48. Nf4 Nf7 49. Nxe6+ Kg8 50.
Nc7 Rxc7 51. bxc7 Qxc7 52. g3 Nxe5 53. Be2 Nf7 54. Qf4 Qe5 55. Qe3 Kg7 56. Kg2 Nd6 57. Bd3 c5 58. Bc2 b4 59. Kf3 c4 60. Qa7+ Kh6 61.
Qe3+ Kg7 62. Qa7+ Kf6 63. Qb8 Qc3+ 64. Kf4 Qd2+ 65. Kf3 Qc3+ 66. Kf4 Nf7 67. Qb6+ Kg7 68. e5 Qd2+ 69. Kf3 Qxc2 70. Qf6+ Kg8 71. Qxg6+ Qxg6 72. e6 Qxe6 73. Kg2 Qe4+ 74. Kh2 Qe2+ 75. Kh3 Qg4+ 76.
Kh2 Qe2+ 77. Kh3 Ne5 78. g4 Qxg4+ 79. Kh2 Nf3+ 80. Kh1 Qg1# 0-1

[Event "Late-Titled-Tuesday-Blitz-April-30-2024"]
[Site "Chess.com"]
[Date "2024.04.30"]
[Round "10"]
[White "Hrant_ChessMood"]
[Black "shimastream"]
[Result "1-0"]
[WhiteElo "2973"]
[BlackElo "3034"]
[TimeControl "180+1"]
[EndTime "15:55:55 PDT"]
[Termination "Hrant_ChessMood won by checkmate"]

1. Nf3 b6 2. c4 Bb7 3. Nc3 Nf6 4. d4 g6 5. Qc2 d5 6. cxd5 Nxd5 7. e4 Nxc3 8. bxc3 Bg7 9. Be2 Nd7 10. Be3 O-O 11.
O-O e5 12. Rad1 Qe7 13. d5 Kh8 14. Nd2 f5 15. f3 f4 16. Bf2 g5 17. c4 c5 18. dxc6 Bxc6 19. Nb1 Nc5 20. Nc3 Ne6 21. Nd5 Qf7 22. c5 bxc5 23. Bc4 Rac8 24. Qc3 Qe8 25. Qa3 Nd4 26. Qxa7 g4 27. fxg4 Bxd5 28. exd5 e4 29. d6 Qg6 30. Bh4 Qxd6 31. Be7 Qe5 32. Bxf8 Rxf8 33. Kh1 e3 34. Rde1 e2 35. Rg1 f3 36.
gxf3 Rxf3 37. Qa8+ Rf8 38. Qg2 Re8 39. a4 Qe3 40. a5 Qc3 41. Bd5 Qxa5 42. g5 Qd2 43.
g6 h6 44. Bf7 Rd8 45. Bc4 Re8 46. Bf7 Rf8 47. Bc4 Nf3 48. Rxe2 Qc3 49. Rf1 Qxc4 50. Ref2 Rg8 51. Rxf3 Qd5 52. Rf7 Qd3 53. R7f3 Qe4 54. Rf4 Qd3 55. Rf7 c4 56. Rc7 c3 57. h3 Qd4 58. Rff7 Qd1+ 59. Qf1 Qd5+ 60. Qf3 Qd4 61. Kg2 Qd2+ 62. Qf2 Qg5+ 63. Qg3 Qd2+ 64. Kh1 Qd1+ 65. Kh2 Qd2+ 66. Qg2 Be5+ 67. Kg1 Qd1+ 68. Qf1 Qd4+ 69. Kh1 Qd5+ 70. Qf3 Qxf3+ 71. Rxf3 Bg7 72. Rfxc3 Bxc3 73. Rh7# 1-0

[Event "Late-Titled-Tuesday-Blitz-April-30-2024"]
[Site "Chess.com"]
[Date "2024.04.30"]
[Round "10"]
[White "Alex_Sahakyan2006"]
[Black "DanielNaroditsky"]
[Result "1-0"]
[WhiteElo "2841"]
[BlackElo "3016"]
[TimeControl "180+1"]
[EndTime "15:56:09 PDT"]
[Termination "Alex_Sahakyan2006 won by checkmate"]

1. d4 Nf6 2. Bg5 Ne4 3. Bf4 Nc6 4. Nf3 d5 5. Nbd2 Nxd2 6. Qxd2 Bf5 7. e3 a6 8. Bd3 Bxd3 9. Qxd3 e6 10. O-O Bd6 11. Bxd6 cxd6 12. c4 dxc4 13. Qxc4 d5 14.
Qb3 Qe7 15. Rac1 O-O 16. Rc5 Rac8 17. Rfc1 f6 18. h3 Rc7 19. Qb6 Rfc8 20. b4 Re8 21. a4 Rd7 22. b5 axb5 23. axb5 Nd8 24. Rc7 Qd6 25. Qxd6 Rxd6 26. Ra1 Kf8 27. Ra8 Re7 28.
Rcc8 Ke8 29. Ne1 e5 30. Nd3 exd4 31. exd4 Re4 32. Nc5 Re7 33. Rab8 b6 34. Nb7 Rxb7 35.
Rxb7 Rd7 36. Rxb6 Ke7 37. Rc1 Nb7 38. Rbc6 Nd6 39. b6 Nc4 40. Rb1 Rb7 41. Rc7+ Rxc7 42. bxc7 Kd7 43. Rb5 Kxc7 44. Rxd5 Nb6 45. Ra5 Nc8 46. Kf1 Kb6 47. Ra1 Ne7 48. Ke2 Nd5 49. g3 h5 50. Kd3 Kc6 51. Ra7 g6 52. Rg7 g5 53. Ke4 h4 54. gxh4 gxh4 55. Rh7 Kd6 56. Rxh4 Ke6 57. Rh8 Nc3+ 58. Kd3 Nd5 59. h4 Nf4+ 60.
Ke4 Ng6 61. Rh6 Ne7 62. h5 Nd5 63. Rh8 f5+ 64. Kf3 Kf6 65. h6 Kg6 66. h7 Nf6 67. d5 Ne4 68. d6 Ng5+ 69. Ke2 Nf7 70. d7 Nxh8 71. d8=Q Kxh7 72. Kf3 Nf7 73. Qf6 Kg8 74.
Qxf5 Kg7 75. Kf4 Kg8 76. Qf6 Kf8 77. Kf5 Kg8 78. f4 Nh8 79. Qe7 Nf7 80. Kf6 Kh8 81. Qf8+ Kh7 82. Qg7# 1-0

[Event "Late-Titled-Tuesday-Blitz-April-30-2024"]
[Site "Chess.com"]
[Date "2024.04.30"]
[Round "10"]
[White "BardArtem"]
[Black "CrushingKings"]
[Result "0-1"]
[WhiteElo "2772"]
[BlackElo "2634"]
[TimeControl "180+1"]
[EndTime "15:56:09 PDT"]
[Termination "CrushingKings won by checkmate"]

1. e4 g6 2. d4 Bg7 3. Nc3 c6 4. Nf3 d5 5. Bf4 dxe4 6. Nxe4 Nf6 7. Nxf6+ exf6 8. Qd2 O-O 9. O-O-O Bg4 10. Be2 a5 11. h3 Be6 12. a3 Nd7 13. Bh6 Nb6 14. h4 Qd5 15. Bxg7 Kxg7 16. h5 Qa2 17. Qc3 Nd5 18. Qb3 Qxb3 19. h6+ Kg8 20. cxb3 Nf4 21. Bc4 Nxg2 22.
d5 cxd5 23. Bxd5 Nf4 24. Bxe6 Nxe6 25. Kb1 Rfd8 26. Nd2 f5 27. Nc4 Nd4 28. Rd3 Nc6 29. Re3 b5 30. Ne5 Nxe5 31. Rxe5 b4 32. a4 Rd2 33. f4 Rd4 34. Rhe1 Kf8 35. Rf1 Re4 36. Rb5 Ke7 37. Rb7+ Kf6 38. Rb6+ Re6 39. Rb5 Raa6 40.
Rb7 Re2 41. Rc1 Re7 42. Rb8 Rd6 43. Rh8 Re2 44. Ka2 Rdd2 45. Rb1 Rh2 46. Rxh7 Rdf2 47. Rh8 Rxf4 48. Ra8 Rxh6 49. Rxa5 g5 50. Rb5 g4 51. a5 Kg5 52. Rg1 Ra6 53. Kb1 Rf3 54. Rc1 g3 55. Rc8 Kf4 56. Rxb4+ Ke3 57. Rbc4 g2 58. Rg8 Rg6 59. Ka2 g1=Q 60. Rc3+ Kd2 61. Rxg6 fxg6 62. Rxf3 Qc5 63. b4 Qxb4 64. Ra3 Qc4+ 65. Kb1 Qc2+ 66.
Ka2 Qc4+ 67. Kb1 Qa6 68. b4 f4 69. Kb2 g5 70. Kb3 Qd3+ 71. Ka4 Qc2+ 72. Kb5 Qf5+ 73. Ka4 Qd7+ 74. Kb3 f3 75. a6 f2 76.
a7 Qd5+ 77. Kb2 f1=Q 78. a8=Q Qc1# 0-1

[Event "Late-Titled-Tuesday-Blitz-April-30-2024"]
[Site "Chess.com"]
[Date "2024.04.30"]
[Round "10"]
[White "Yerkinio"]
[Black "mightysmasher"]
[Result "1-0"]
[WhiteElo "2669"]
[BlackElo "2544"]
[TimeControl "180+1"]
[EndTime "15:56:10 PDT"]
[Termination "Yerkinio won on time"]

1. e4 e6 2. d4 d5 3. Nc3 dxe4 4. Nxe4 Nd7 5. Nf3 Ngf6 6. Nxf6+ Nxf6 7. c3 c5 8. Ne5 a6 9. Be3 Qc7 10. Qa4+ Bd7 11.
Nxd7 Qxd7 12. Qxd7+ Nxd7 13. g3 O-O-O 14. Bg2 cxd4 15. Bxd4 e5 16. Be3 Bc5 17. Ke2 Bxe3 18.
Kxe3 f6 19. Rad1 Nb6 20. b3 Kc7 21. h4 g6 22. h5 f5 23. Rxd8 Rxd8 24. hxg6 hxg6 25.
Rh7+ Rd7 26. Rh8 e4 27. c4 Rd3+ 28. Ke2 Nd7 29. g4 Ne5 30. gxf5 gxf5 31. Rf8 Nf3 32. Rf7+ Kc6 33. Rxf5 Nd4+ 34. Ke1 Nc2+ 35. Kf1 Rd2 36.
Bxe4+ Kc7 37. Rf7+ Kd6 38. Rxb7 Nd4 39. a3 Ke5 40. Bd5 Ra2 41. a4 Rb2 42. b4 Kf5 43. b5 axb5 44. axb5 Ne2 45. Rf7+ Kg5 46. Rf3 Nf4 47.
Rg3+ Kf5 48. Re3 Rb1+ 49. Re1 Rb2 50. Rd1 Kg4 51. Be4 Nh3 52. Ke1 Nxf2 53. Rd4 Kf4 54.
Bh7+ Ke3 55. Rd8 Ne4 56. Bxe4 Kxe4 57. Rd2 Rb1+ 58. Ke2 Rb4 59. Rc2 Ke5 60. Kd3 Rb3+ 61.
Rc3 Rb4 62. Rc2 Rb3+ 63. Rc3 Rb4 64. Kc2 Kd4 65. Kd2 Kc5 66. Rc2 Rb3 67. Rc3 Rb4 68. Kd3 Rb2 69. Rc2 Rb3+ 70. Rc3 Rb2 71. Ra3 Rb4 72. Ra6 Rb3+ 73. Kc2 Rb4 74. Rc6+ Kd4 75. Rc8 Ke5 76. Kc3 1-0

[Event "Late-Titled-Tuesday-Blitz-April-30-2024"]
[Site "Chess.com"]
[Date "2024.04.30"]
[Round "10"]
[White "lupta_robin"]
[Black "IlanSchnaider"]
[Result "1-0"]
[WhiteElo "2633"]
[BlackElo "2734"]
[TimeControl "180+1"]
[EndTime "15:56:11 PDT"]
[Termination "lupta_robin won by checkmate"]

1. b3 e5 2. Bb2 Nc6 3. e3 d5 4.
Bb5 Ne7 5. Bxe5 a6 6. Bxc6+ Nxc6 7. Bb2 Qg5 8. g3 Bg4 9. f3 Bf5 10. Ne2 O-O-O 11. Kf2 Nb4 12. Na3 Qg6 13. Nf4 Qc6 14. g4 Bg6 15. h4 Bd6 16. h5 Bxc2 17. Nxc2 Qxc2 18. Qxc2 Nxc2 19. Rac1 Nb4 20. a3 Nc6 21. Bxg7 Rhe8 22. b4 d4 23. Bf6 Rd7 24. g5 dxe3+ 25.
dxe3 Bxf4 26. exf4 Rd2+ 27. Kg3 Ree2 28. Rhg1 Rd3 29.
Rc3 Rxc3 30. Bxc3 Ne7 31. Kg4 Nd5 32. Be5 Ne3+ 33. Kg3 Nf5+ 34. Kg4 Ne3+ 35. Kh3 Rf2 36. g6 fxg6 37. hxg6 hxg6 38. Rxg6 Rxf3+ 39. Kh4 Nc4 40. Kg4 Rf1 41. Rg8+ Kd7 42. Rg7+ Ke6 43. Rxc7 Ne3+ 44. Kg3 Nf5+ 45. Kg2 Ne3+ 46. Kg3 b5 47. Rc6+ Kf5 48.
Rf6+ Ke4 49. Rxa6 Rg1+ 50. Kh4 Kf3 51. Kh5 Nf5 52. Rg6 Rh1+ 53. Kg5 Ng3 54. Kf6 Rh5 55. Ke6 Ne4 56. Rg8 Ke3 57. f5 Nd2 58. f6 Nc4 59.
Bd6 Rh6 60. Be7 Ke4 61. Kd7 Ne5+ 62. Kc7 Rh7 63. Kb6 Nc4+ 64. Kxb5 Nxa3+ 65. Kc6 Nc4 66. b5 Ne5+ 67. Kc7 Kd5 68. b6 Nc6 69. b7 Nxe7 70. fxe7 Rxe7+ 71. Kc8 Kc6 72. b8=Q Rd7 73. Rg6+ Rd6 74. Qxd6+ Kb5 75. Qc6+ Ka5 76. Rg5+ Kb4 77.
Qc5+ Kb3 78. Rg3+ Ka4 79. Qa7+ Kb4 80. Rg4+ Kb5 81. Qd7+ Kc5 82. Rg5+ Kb6 83. Qd6+ Ka7 84. Ra5# 1-0